Map: Lerilak Crest

Players

Lilbow - Winner!

  • Race: Protoss Protoss

Miniraser

  • Race: Zerg Zerg
  • League: Master

Event: Homestory Cup XII

VOD

Have the link to the VOD?

Description

Time

  • Played on: Dec. 18, 2015, 11:08 a.m.
  • Length: 6:53

All games in this series

Show
View Real Time Build Order
Export as new Build Order

Lilbow Protoss - Winner!

Build Orders: 1 Gate Expand 

Get SALT Encoding   

  12  0:01  Probe (Chrono Boost)  
  13  0:11  Probe (Chrono Boost)  
  14  0:17  Pylon  
  14  0:22  Probe (Chrono Boost)  
  15  0:35  Probe (Chrono Boost)  
  16  0:37  Gateway  
  16  0:45  Probe (Chrono Boost)  
  17  0:56  Probe (Chrono Boost)  
  18  1:06  Probe (Chrono Boost)  
  19  1:14  Nexus  
  19  1:23  Cybernetics Core  
  19  1:28  Assimilator  
  19  1:31  Probe (Chrono Boost)  
  20  1:37  Assimilator  
  20  1:42  Probe (Chrono Boost)  
  20  1:46  Pylon  
  23  1:54  Zealot (Chrono Boost)  
  23  2:03  Pylon  
  23  2:06  Probe  
  24  2:18  Zealot (Chrono Boost)  
  24  2:21  Mothership Core  
  28  2:32  Gateway  
  27  2:42  Zealot (Chrono Boost)  
  29  2:46  Pylon  
  29  2:49  Warp Gate (Chrono Boost)  
  25  3:06  Adept (Chrono Boost)  
  25  3:10  Robotics Facility  
  27  3:16  Probe  
  28  3:26  Sentry  
  30  3:30  Adept  
  32  3:46  Gateway  
  32  3:47  Gateway  
  32  3:54  Sentry  
  34  3:57  Warp Prism (Chrono Boost)  
  36  4:07  Gateway  
  36  4:11  Pylon  
  36  4:20  Pylon  
  36  4:45  Adept x4  
  44  5:06  Adept x4  
  52  5:27  Sentry  
  54  5:32  Sentry  
  54  5:35  Pylon  
  54  5:36  Pylon  
  54  5:54  Sentry x2, Stalker  
  60  6:00  Stalker  
  60  6:04  Pylon  
  62  6:23  Sentry  
  62  6:24  Zealot x3  
Show
View Real Time Build Order
Export as new Build Order

Miniraser Zerg 

Build Orders: Pool First 

Get SALT Encoding   

  12  0:00  Drone  
  13  0:10  Extractor  
  12  0:26  Spawning Pool  
  11  0:29  Drone  
  11  0:34  Drone  
  13  0:40  Drone  
  14  0:51  Overlord  
  14  1:14  Zergling x6  
  14  1:15  Metabolic Boost  
  17  1:26  Queen  
  17  1:31  Zergling x2  
  20  1:36  Zergling x2  
  22  1:47  Zergling x2  
  22  2:07  Hatchery, Zergling x2  
  22  2:14  Overlord  
  22  2:34  Zergling x4  
  24  2:40  Queen  
  26  2:47  Drone x3  
  26  3:03  Drone  
  26  3:07  Overlord  
  25  3:20  Drone x4  
  29  3:30  Drone x2  
  31  3:36  Overlord  
  31  3:42  Roach Warren  
  31  3:43  Drone  
  31  3:52  Drone x3  
  33  4:03  Spine Crawler  
  31  4:19  Drone x2  
  31  4:20  Drone  
  31  4:23  Roach  
  31  4:24  Roach x3  
  43  4:31  Roach  
  45  4:45  Roach  
  47  4:46  Zergling x2  
  47  4:47  Zergling x6  
  47  4:49  Overlord  
  51  4:59  Spine Crawler  
  50  5:00  Spore Crawler, Queen  
  50  5:02  Overlord  
  50  5:05  Zergling x2  
  50  5:06  Overlord  
  50  5:07  Overlord  
  52  5:09  Roach  
  54  5:14  Roach x2  
  52  5:31  Zergling x12  
  54  5:51  Roach  
  54  5:52  Roach  
  55  6:03  Zergling x4  
  55  6:15  Zergling x8  
  34  6:33  Zergling x2  
Tags
 
Add a new tag
Caveats
  • Supply blocks, unpowered buildings, or Contaminate may cause inaccurate times.
  • Supply counts are checked every 10 seconds.